Cogmind - Beta 13 @@@ ROGUE MODE // 2024.04.07 @ 14:43:05 Player: icculus Result: Destroyed by G-47 Trooper with Particle Gun Performance ------------- Evolutions (2) 1000 Regions Visited (3) 600 Robots Destroyed (71) 355 Value Destroyed (1747) 1747 Prototype IDs (5) 100 Alien Tech Used (0) 0 Bonus (217) 217 TOTAL SCORE: 4019 Bonus ------- High Alert Combat Kills 217 Cogmind --------- Core Integrity 0/550 Matter 366/450 Energy 140/140 System Corruption 6% Temperature Cool (9) Movement Rolling (110) Ox2 Location -8/Materials Parts ------- > --- POWER (1) -------- Light Deuterium Engine > --- PROPULSION (5) --- Wheel > --- UTILITY (3) ------ Medium Storage Unit Compact Matter Pod > --- WEAPON (2) ------- Advanced Assault Cannon Advanced Assault Cannon > --- INVENTORY (10) --- Light Nuclear Core Cryofiber Web Improved Propulsion Shielding Improved Weapon Shielding Heavy EM Shotgun Field Laser Pulse Rifle EM Pulse Cannon Proton Missile Launcher Improved Datajack Peak State ------------ > --- POWER ------------ Light Nuclear Core > --- PROPULSION ------- Compact Wheel Gravmag System Gravmag System Gravmag System Gravmag System > --- UTILITY ---------- Medium Storage Unit Compact Battery Compact Matter Pod > --- WEAPON ----------- Advanced Assault Cannon Advanced Assault Cannon > --- INVENTORY -------- Light Deuterium Engine Cryofiber Web Improved Propulsion Shielding Improved Weapon Shielding Heavy EM Shotgun Field Laser Pulse Rifle EM Pulse Cannon Proton Missile Launcher Improved Datajack [Rating: 38] Favorites ----------- Power Light Ion Engine Engine Light Ion Engine Power Core Light Nuclear Core Propulsion Aluminum Leg Leg Aluminum Leg Wheel Compact Wheel Hover Unit Gravmag System Flight Unit Flight Unit Utility Power Shielding Device Cryofiber Web Storage Medium Storage Unit Processor Transport Network Coupler Protection Power Shielding Weapon Light Cannon Energy Gun Field Laser Ballistic Gun Light Assault Rifle Ballistic Cannon Light Cannon Launcher Rocket Launcher Impact Weapon Flail Build | -11 -10 -9 -8 ------- Run | Yrd Mat Mat Mat Slots Evolved 4 | . . 2 2 Power . | . . . . Propulsion 3 | . . 2 1 Utility 1 | . . . 1 Weapon . | . . . . Parts Attached 73 | 5 14 14 40 Power 10 | 1 . 2 7 Engine 9 | 1 . 2 6 Core 1 | . . . 1 Reactor . | . . . . Propulsion 28 | 2 6 6 14 Treads . | . . . . Leg 13 | 2 6 4 1 Wheel 7 | . . 2 5 Hover 6 | . . . 6 Flight 2 | . . . 2 Utility 14 | . 6 1 7 Device 3 | . 1 . 2 Storage 5 | . . . 5 Processor 1 | . 1 . . Hackware . | . . . . Protection 5 | . 4 1 . Artifact . | . . . . Weapon 21 | 2 2 5 12 Energy Gun 3 | . . 1 2 Energy Cannon . | . . . . Ballistic Gun 5 | 2 . . 3 Ballistic Cannon 7 | . 2 1 4 Launcher 5 | . . 3 2 Special Weapon . | . . . . Impact Weapon 1 | . . . 1 Slashing Weapon . | . . . . Piercing Weapon . | . . . . Special Melee Weapon . | . . . . Unidentified Prototypes . | . . . . Corrupted Parts 1 | . . . 1 System Corruption 5 | . . . 5 Parts Lost 27 | . . 11 16 Power 4 | . . 2 2 Propulsion 16 | . . 6 10 Utility 2 | . . . 2 Weapon 5 | . . 3 2 Highest Loss Streak 4 | . . 4 4 To Critical Strikes . | . . . . Average Slot Usage (%) 82 | . 99 79 76 Engine 8 | . 14 10 3 Core 1 | . . . 2 Leg 15 | . 28 24 3 Wheel 5 | . . 3 8 Hover 6 | . . . 13 Device 1 | . . . 3 Storage 6 | . . . 14 Processor 2 | . 7 2 . Protection 14 | . 20 19 7 Energy Gun 1 | . . . 3 Ballistic Gun 2 | . 7 . . Ballistic Cannon 11 | . 20 8 8 Launcher 3 | . . 10 1 Impact Weapon 1 | . . . 3 Naked Turns . | . . . . Heaviest Build 31 | 6 11 13 31 Greatest Support 52 | 20 26 52 36 Greatest Overweight (x) 9 | . . 4 9 Average Overweight (x) . | . . . . Largest Inventory Capacity 10 | 5 5 5 10 Average Capacity 7 | 5 5 5 9 Most Carried 10 | 3 5 5 10 Average Carried 6 | 1 4 4 8 Final Capacity 10 | 5 5 5 10 Final Carried 10 | 3 5 4 10 Class Distribution -------------------- 92% | Mutant 7% | Scavenger-Mutant Dominant Class ---------------- Mutant | -10/Materials Mutant | -9/Materials Mutant | -8/Materials Resources | -11 -10 -9 -8 ----------- Run | Yrd Mat Mat Mat Matter Collected 2317 | 270 312 243 1492 Remotely . | . . . . Salvage Created 1916 | 45 222 252 1397 Parts 106 | 2 20 11 73 Haulers Intercepted 7 | . 2 1 4 Recyclers Shooed 2 | . . . 2 Parts Field Recycled . | . . . . Retrieved Matter . | . . . . Parts Self-Destructed . | . . . . Prevented . | . . . . Kills | -11 -10 -9 -8 ------- Run | Yrd Mat Mat Mat Combat Hostiles Destroyed 45 | 1 7 9 28 Melee 1 | . . 1 . Guns 9 | 1 3 . 5 Cannons 18 | . 4 4 10 AOE 16 | . . 4 12 Classes Destroyed 9 | 1 2 4 2 Worker 3 | . . 1 2 Builder 5 | . . . 5 Hauler 7 | . 2 1 4 Recycler 7 | . . 1 6 Watcher 4 | . . 1 3 Swarmer 16 | . 5 3 8 Grunt 20 | 1 2 3 14 Duelist 1 | . . . 1 Sentry 8 | . . 3 5 Best Kill Streak 18 | 1 3 5 18 Combat Bots Only 6 | 1 3 4 6 Max Kills in Single Turn 4 | 1 2 2 4 Gunslinging 1 | . 1 . . Exploded 4 | . . 1 4 Melee 1 | . . 1 . Uniques/NPCs Destroyed . | . . . . Combat | -11 -10 -9 -8 -------- Run | Yrd Mat Mat Mat Hostile Shots Fired 382 | 6 37 158 181 Missed 123 | 1 16 52 54 Damage Taken 3536 | 57 220 1418 1841 Core 1000 | 35 54 347 564 Absorbed by Shields . | . . . . Redirected to Shielding 62 | . 1 38 23 Regen/Repaired (Parts) 36 | . . . 36 Core Remaining (%) 54 | 86 64 13 . Volleys Fired 185 | 5 26 40 114 Largest 2 | 2 2 2 2 Hottest 126 | 40 70 70 126 Shots Fired 294 | 10 53 64 167 Gun 79 | 10 10 11 48 Cannon 181 | . 43 38 100 Launcher 34 | . . 15 19 Special . | . . . . Kinetic 218 | 10 53 38 117 Thermal 31 | . . . 31 Explosive 34 | . . 15 19 Electromagnetic 11 | . . 11 . Robot Hit Streak 11 | 6 3 8 11 Robot Miss Streak 7 | 1 7 4 5 Penetration Max . | . . . . Secondary Targets 2 | . 2 . . Max Gunslinging Chain 1 | . 1 . . Shots Hit Robots 173 | 8 20 41 104 Core Hits 112 | 3 11 29 69 Critical Kills . | . . . . Critical Parts Destroyed . | . . . . Critical Strikes 11 | . 1 4 6 Burn 4 | . . . 4 Blast 7 | . 1 4 2 Melee Attacks 3 | . . . 3 Impact 3 | . . . 3 Slashing . | . . . . Piercing . | . . . . Sneak Attacks 1 | . . . 1 Combat Hostiles . | . . . . Follow-up Attacks . | . . . . Damage Inflicted 5888 | 87 355 1461 3985 Guns 674 | 87 39 93 455 Cannons 2440 | . 307 478 1655 Explosions 2616 | . . 884 1732 Melee 143 | . . . 143 Ramming 15 | . 9 6 . Kinetic 2654 | 87 346 478 1743 Thermal 367 | . . . 367 Explosive 2616 | . . 884 1732 Electromagnetic 93 | . . 93 . Impact 143 | . . . 143 Slashing . | . . . . Piercing . | . . . . Highest Corruption 6 | . 3 . 6 Average Corruption 4 | . 2 . 5 Corruption Purged . | . . . . Corruption Blocked . | . . . . Effects 53 | . 12 . 41 Message Errors 14 | . 3 . 11 Matter Fused 13 | . 2 . 11 Heat Flow Errors 8 | . 3 . 5 Energy Discharges 6 | . 1 . 5 Parts Rejected 2 | . . . 2 Parts Fused 1 | . . . 1 Data Loss (major) 2 | . 1 . 1 Misfires 3 | . 1 . 2 Alerts 4 | . 1 . 3 Overload Shots . | . . . . Overflow Damage 234 | . 2 31 201 Projectiles 53 | . 2 9 42 Explosions 100 | . . 22 78 Melee 81 | . . . 81 Knockbacks 18 | . 4 3 11 Impact . | . . . . Kinetic 16 | . 4 3 9 Secondary 2 | . . . 2 Self-Inflicted Damage 239 | . . 125 114 Shots 10 | . . 6 4 Rammed . | . . . . Targets Rammed 6 | . 1 5 . Kicked 6 | . 1 5 . Crushed . | . . . . Highest Temperature 436 | 12 227 36 436 Average Temperature 129 | 8 49 13 180 Received Heat Transfer 1446 | 30 12 540 864 Effects 12 | . . . 12 Shutdowns 3 | . . . 3 Energy Bleed 2 | . . . 2 Interference 2 | . . . 2 Matter Decay 1 | . . . 1 Short Circuit 2 | . . . 2 Damage (minor) 2 | . . . 2 Siege Activations . | . . . . Robots Corrupted . | . . . . Combat Hostiles . | . . . . Parts Fried 2 | . . . 2 Impact Corruptions 2 | . . . 2 Robots Melted 1 | . . . 1 Combat Hostiles 1 | . . . 1 Parts Melted 3 | . . . 3 Heat Transferred 1036 | . . . 1036 Parts Sabotaged . | . . . . Parts Stolen . | . . . . Parts Stripped . | . . . . Power Chain Reactions . | . . . . Alert | -11 -10 -9 -8 ------- Run | Yrd Mat Mat Mat Peak Influence 847 | 20 201 272 847 Initial 78 | . 13 13 78 Average 279 | 6 64 116 507 Maximum Alert Level 3 | . 1 1 3 Low Security (%) 54 | 100 93 92 7 Level 1 8 | . 6 7 11 Level 2 32 | . . . 71 Level 3 4 | . . . 9 Level 4 . | . . . . Level 5 . | . . . . High Security . | . . . . Max Security . | . . . . Squads Dispatched 9 | . 1 1 7 Investigation 1 | . . . 1 Extermination . | . . . . Reinforcement 6 | . 1 1 4 Assault 1 | . . . 1 Garrison 1 | . . . 1 Intercept . | . . . . Searches Triggered . | . . . . Construction Impeded 1 | . . . 1 Haulers Reinforced . | . . . . Active Scanning Responses . | . . . . Cargo Convoy Interrupts . | . . . . Stealth | -11 -10 -9 -8 --------- Run | Yrd Mat Mat Mat Distress Signals 6 | . 1 2 3 Communications Jammed . | . . . . Distress Signals . | . . . . Times Spotted 81 | 1 12 22 46 Peak Tracking Total 6 | 1 3 6 6 Tactical Retreats 5 | . . 4 1 Traps | -11 -10 -9 -8 ------- Run | Yrd Mat Mat Mat Traps Triggered 4 | . 4 . . Indirectly . | . . . . Trap Hack Attempts . | . . . . Triggered . | . . . . Disarmed . | . . . . Reprogrammed . | . . . . Reused . | . . . . Traps Extracted . | . . . . Installed . | . . . . Triggered . | . . . . Machines | -11 -10 -9 -8 ---------- Run | Yrd Mat Mat Mat Machines Disabled 4 | . . 1 3 Max in Single Turn 1 | . . 1 1 Garrison Access 1 | . . . 1 Machines Repaired . | . . . . Machines Dismantled . | . . . . Machines Sabotaged . | . . . . Overloaded Fab Kills . | . . . . Hacking | -11 -10 -9 -8 --------- Run | Yrd Mat Mat Mat Machines Accessed 15 | . 4 3 8 Terminals 12 | . 4 3 5 Fabricators . | . . . . Repair Stations 1 | . . . 1 Recycling Units 1 | . . . 1 Scanalyzers 1 | . . . 1 Garrison Access . | . . . . Total Hacks 41 | . 8 4 29 Successful 31 | . 7 3 21 Failed 10 | . 1 1 8 Catastrophic . | . . . . Database Lockouts . | . . . . Manual . | . . . . Terminals 28 | . 8 4 16 Fabricators . | . . . . Repair Stations 6 | . . . 6 Recycling Units 4 | . . . 4 Scanalyzers 3 | . . . 3 Garrison Access . | . . . . Terminal Hacks 21 | . 7 3 11 Record 13 | . 4 . 9 Prototype ID Bank 2 | . 1 1 . Emergency Access Points 1 | . . 1 . Alert Level 2 | . . 1 1 Locate Traps 1 | . . . 1 Dispatch Records 1 | . 1 . . Maintenance Status 1 | . 1 . . Fabricator Hacks . | . . . . Repair Station Hacks 4 | . . . 4 Scan Component 3 | . . . 3 Repair 1 | . . . 1 Recycling Unit Hacks 4 | . . . 4 Recycle Component 1 | . . . 1 Process 2 | . . . 2 Report Inventory 1 | . . . 1 Scanalyzer 2 | . . . 2 Insert Component 1 | . . . 1 Analyze 1 | . . . 1 Garrison Access Hacks . | . . . . Unauthorized Hacks . | . . . . Terminals . | . . . . Fabricators . | . . . . Repair Stations . | . . . . Recycling Units . | . . . . Scanalyzers . | . . . . Garrison Access . | . . . . Data Cores Recovered . | . . . . Used . | . . . . Hacking Detections 8 | . 2 . 6 Full Trace Events 3 | . . . 3 Feedback Events 1 | . . . 1 Corruption 1 | . . . 1 Feedback Blocked . | . . . . Robot Schematics Acquired . | . . . . Robots Built . | . . . . Authchips . | . . . . Time . | . . . . Total Robot Build Rating . | . . . . Part Schematics Acquired 1 | . . . 1 Parts Built . | . . . . Authchips . | . . . . Time . | . . . . Total Part Build Rating . | . . . . Parts Repaired 1 | . . . 1 Time 44 | . . . 44 Parts Recycled 1 | . . . 1 Recycled Matter 8 | . . . 8 Retrieved Matter . | . . . . Retrieved Components . | . . . . Parts Scanalyzed 1 | . . . 1 Part Schematics Acquired 1 | . . . 1 Parts Damaged . | . . . . Bothacking | -11 -10 -9 -8 ------------ Run | Yrd Mat Mat Mat Used RIF Installer . | . . . . Robots Hacked . | . . . . Non-combat . | . . . . Combat . | . . . . Robot Hacks Applied . | . . . . Relay Couplers Released 1 | . . . 1 Machine Destruction 1 | . . . 1 Fabnet Peak Effective % . | . . . . Robots Rewired . | . . . . Allies Hacked . | . . . . Hacks Repelled . | . . . . Allies | -11 -10 -9 -8 -------- Run | Yrd Mat Mat Mat Total Allies . | . . . . Largest Group . | . . . . Highest-Rated Group . | . . . . Highest-Rated Ally . | . . . . Total Orders . | . . . . Ally Attacks . | . . . . Total Damage . | . . . . Kills . | . . . . Allies Corrupted . | . . . . Allies Melted . | . . . . Intel | -11 -10 -9 -8 ------- Run | Yrd Mat Mat Mat Robot Analysis Total . | . . . . Derelict Logs Recovered . | . . . . Drone Launches . | . . . . Drone Recoveries . | . . . . Exploration | -11 -10 -9 -8 ------------- Run | Yrd Mat Mat Mat Turns Passed 2883 | 122 648 792 1321 Spaces Moved 2061 | 84 446 557 974 Core 48 | 15 . 1 32 Treads . | . . . . Legs 1080 | 69 446 470 95 Wheels 391 | . . 86 305 Hover 542 | . . . 542 Flight . | . . . . Fastest Speed 50 | 50 120 85 53 Average Speed 105 | 107 120 114 94 Slowest Speed 500 | 120 120 250 500 Overloaded Moves . | . . . . Propulsion Burnouts . | . . . . Robots Hopped . | . . . . Cave-ins Triggered . | . . . . Exploration Rate (%) 46 | 7 74 40 64 Regions Visited 3 Branch Regions . Pre-discovered Areas . | . . . . Known Exits Taken . | . . . . Unknown Exits Taken 3 | 1 1 1 . Scrap Searched . | . . . . Spaces Dug . | . . . . Terrain Destroyed 209 | . . 98 111 Melee . | . . . . Projectile 29 | . . . 29 AOE 180 | . . 98 82 Terrain Rammed . | . . . . Walls Destroyed . | . . . . Machines Disabled . | . . . . Actions | -11 -10 -9 -8 --------- Run | Yrd Mat Mat Mat Total 2471 | 106 510 644 1211 Wait 30 | 5 1 11 13 Move 2058 | 83 445 556 974 Hop . | . . . . Pick Up 68 | 8 11 10 39 Fast Attach 21 | . 2 4 15 Attach 20 | 5 . 4 11 Detach . | . . . . Swap 32 | . 12 6 14 Drop 48 | . 12 8 28 Fire 185 | 5 26 40 114 Melee 3 | . . . 3 Ram . | . . . . Kick 6 | . 1 5 . Crush . | . . . . Escape Stasis . | . . . . Rewire . | . . . . Trap . | . . . . Miscellaneous . | . . . . Route ------- -11/Scrapyard -10/Materials (discovered 3 exits: *Mat x3) -9/Materials (discovered 2 exits: *Mat x2) -8/Materials (discovered 3 exits: [*Fac x2] / [*Sto]) History --------- Turn | Location | Event 2 | -11/Scrapyard | Met Revision 17 63 | -11/Scrapyard | Discovered new exit (range 8) 123 | -11/Scrapyard | Entered Materials 311 | -10/Materials | Build established: Mutant 325 | -10/Materials | Discovered new exit (range 5) 406 | -10/Materials | Discovered new exit (range 13) 730 | -10/Materials | Discovered new exit (range 16) 771 | -10/Materials | Entered another Materials area 771 | -9/Materials | Evolved 2 slots: Propulsion x2 1004 | -9/Materials | Discovered new exit (range 16) 1277 | -9/Materials | Lost 3 parts (1p2n) 1497 | -9/Materials | Core integrity fell below 50% 1535 | -9/Materials | Core integrity fell below 20% 1540 | -9/Materials | Lost 4 parts (1p1n2w) 1560 | -9/Materials | Discovered new exit (range 4) 1563 | -9/Materials | Entered another Materials area 1563 | -8/Materials | Evolved 2 slots: Propulsion x1, Utility x1 1771 | -8/Materials | Lost 3 parts (2n1w) 1793 | -8/Materials | Discovered new exit (range 16) 1895 | -8/Materials | Lost 3 parts (1p2n) 2215 | -8/Materials | Core integrity fell below 50% 2318 | -8/Materials | Discovered new exit (range 6) 2520 | -8/Materials | Discovered new exit (range 7) 2610 | -8/Materials | Repaired Gravmag System 2709 | -8/Materials | Lost 3 parts (1p2n) 2744 | -8/Materials | Garrison activated, responded to threat 2755 | -8/Materials | Core integrity fell below 20% 2791 | -8/Materials | Lost 4 parts (3n1u) 2884 | -8/Materials | Destroyed by G-47 Trooper with Particle Gun Last Messages --------------- Acquired Lgt. Nuclear Core. Acquired 42 matter. Acquired 6 matter. Acquired 9 matter. Acquired 2 matter. Acquired 4 matter. System corrupted: Matter fused (-6). Acquired 5 matter. Acquired 1 matter. System corrupted: IFF burst signal emitted. Acquired Wheel. Acquired 11 matter. Acquired 2 matter. Acquired 5 matter. C-30 ARC bursts open, deploying its payload. G-50 Soldier unfolds itself. G-47 Trooper unfolds itself. I-25 Savior unfolds itself. Acquired 45 matter. Acquired 3 matter. Map ----- +----------------------------------------------------+ | | | | | | | ??????????????????????????????????????? | | #########?????????????????????????????? | | """ #?????????????????????????????? | | """ #?????????????????????????????? | | """ #?????????????????????????????? | | ! #?????????????????????????????? | | " " ##########????????????????????? | | "R" #= #????????????????????? | | """ # """ #????????????????????? | | # """ #########?########???? | | ##+###### """ # ##?# T =#???? | | # + #] " !#### #???? | | # ##### """"+% "G # # """ #???? | | #???# """ # " " #*%# """ #???? | | # #???# """ # /o + """ [#???? | | # #???# # #[i# #???? | | # #???#####+###"#"#####gg########???? | | # ####### ########g #?????????? | | [ ] ##????????? | | ! * ##????????? | | % ######## ##????????? | | ########### #????####/#####???????? | | ??????????## "#????# @ #???????? | | ???????????# " ????# #???????? | | ???????????# # #???# #???????? | | ???????????+ ###???# | #???????? | | ?????????? # #?????# #???????? | | ?????????? # #?????# #???????? | | ????????? ?# #?????# #???????? | | ???????? ?# #?????# ! #???????? | | ????????#??# #?????# #???????? | | ???????????# #?????##########???????? | | ???????????# ???????????????????????? | | ??????????? ???????????????????????? | | ??????????? ???????????????????????? | | ??????????? ???????????????????????? | | ??????????????????????????????????????? | | ??????????????????????????????????????? | | ??????????????????????????????????????? | | ??????????????????????????????????????? | | ??????????????????????????????????????? | | ??????????????????????????????????????? | | ??????????????????????????????????????? | | ??????????????????????????????????????? | | ??????????????????????????????????????? | | ??????????????????????????????????????? | | ??????????????????????????????????????? | +----------------------------------------------------+ Best States ------------- Heat Dissipation 31 Energy Generation 14 Energy Capacity 360 Matter Stores 397 Matter Capacity 450 Sight Range 16 Terrain Scan Density 10 Base Temperature (-) 100 Power Shielding 33 Evasion (%) 55 Particle Charging 15 Item Schematics ----------------- Hvy. EM Shotgun | -8/Materials | Scanalyzed Robot Schematics ------------------ None Fabricated ------------ Nothing Alien Tech Used ----------------- None Achievements -------------- It's Just You Librarian Loot Pinata One Hack Too Far Oops Safety First Troublemaker Challenges ------------ None Game ------ Seed DecoderGammaJammer Manual? 0 Play Time 02:23:32 Cumulative 4.9 hours Start 2024.04.07 @ 02:21:40 End 2024.04.07 @ 14:43:05 Sessions 5 Manual Loads 0 Difficulty Rogue Special Mode None Game No. 2 Rogue 2 Adventurer 0 Explorer 0 Win Type - Total 0 Types 0/0/0/0/0/0/0/0/0 Lore% 4 Gallery% 4 Achievement% 6 Wizard Run 0 Options --------- Layout 0 ASCII 0 Keyboard 0 Movement Mouse Keybinds 0 Fullscreen 1 Font 24/Swanston Map View 76x50 Zoom Use 0% Tactical HUD 0 Map Filters NONE Filters NONE Steam 1 RUN: 19fba106-d411-492b-847a-31251c090387